 Dungeon Crawl Stone Soup version 0.17.1-2-g5865329 (webtiles) character file.

322 kaze the Covered (level 6, -8/53 HPs)
             Began as a Minotaur Fighter on Jan 25, 2016.
             Mangled by an ogre
             ... wielding a +0 giant spiked club
              (23 damage)
             ... on level 4 of the Dungeon.
             The game lasted 00:08:54 (1982 turns).

kaze the Covered (Minotaur Fighter)                 Turns: 1982, Time: 00:08:54

Health: -8/53      AC: 10    Str: 22    XL:     6   Next: 22%
Magic:  5/5        EV:  7    Int:  5    God:
Gold:   113        SH: 10    Dex: 10    Spells: 0 memorised, 5 levels left

rFire  . . .     SeeInvis .     p - +0 falchion (flame)
rCold  + . .     Clarity  .     r - +0 chain mail
rNeg   . . .     SustAt   .     c - +0 shield
rPois  .         Gourm    .     (helmet restricted)
rElec  .         Spirit   .     (no cloak)
rCorr  .         Warding  .     (no gloves)
rMut   .         Stasis   .     (no boots)
MR     .....                    o - amulet of regeneration
Stlth  ..........               (no ring)
                                n - ring of protection from cold

@: not resistant to hostile enchantments, extremely unstealthy
A: retaliatory headbutt, horns 2
a: no special abilities


You were on level 4 of the Dungeon.
You were full.

You visited 1 branch of the dungeon, and saw 4 of its levels.

You collected 113 gold pieces.

Inventory:

Hand Weapons
 a - a +0 war axe
 p - a +0 falchion of flaming (weapon)
Armour
 b - a +0 scale mail
 c - a +0 shield (worn)
 r - a +0 chain mail (worn)
Jewellery
 e - an uncursed ring of poison resistance {unknown}
 n - a ring of protection from cold (left hand)
 o - an amulet of regeneration (around neck)
Wands
 l - a wand of draining (6)
Scrolls
 f - 5 scrolls of identify {unknown}
 g - a scroll of immolation {unknown}
 j - 3 scrolls of enchant armour {unknown}
 k - a scroll of teleportation {unknown}
Potions
 d - a potion of might
 h - a potion of haste {unknown}
 q - 2 potions of lignification {unknown}
 s - a potion of flight {unknown}
 t - a potion of curing {unknown}
Books
 m - a book of Necromancy

   Spells                             Type                      Level
   a - Pain                           Necromancy                   1
   b - Animate Skeleton               Necromancy                   1
   c - Vampiric Draining              Necromancy                   3
   d - Regeneration                   Charms/Necromancy            3
   e - Animate Dead                   Necromancy                   4
   f - Control Undead                 Necromancy                   4
Comestibles
 i - 4 meat rations


   Skills:
 + Level 4.5 Fighting
 + Level 0.2 Long Blades
 - Level 3.2 Axes
 + Level 5.5 Armour
 + Level 2.8 Dodging
 + Level 5.3 Shields


You had 5 spell levels left.
You didn't know any spells.

Dungeon Overview and Level Annotations

Branches:
Dungeon (4/15)
 Temple: D:4-7

Altars:


Innate Abilities, Weirdness & Mutations

You reflexively headbutt those who attack you in melee.
You have a pair of horns on your head.


Message History

There is an open door here.
An ogre comes into view. It is wielding a giant spiked club.
The ogre shouts!
You hit the ogre. You burn the ogre.
The ogre is moderately wounded.
The ogre hits you but does no damage.
You barely miss the ogre.
The ogre is moderately wounded.
The ogre hits you with a giant spiked club!!
You hit the ogre. You burn the ogre.
The ogre is moderately wounded.
The ogre hits you with a giant spiked club.
You hit the ogre. You burn the ogre.
The ogre is heavily wounded.
The ogre hits you with a giant spiked club!
* * * LOW HITPOINT WARNING * * *
Your shield and chain mail prevent you from hitting the ogre.
The ogre is heavily wounded.
The ogre hits you with a giant spiked club!!
You die...

........#....#
........#.##.# #.#
........#.. .# #.#
........### ## #.#
..>.....# #.#
........# ######.#
........# ...##.#
........#.###.##O#
###'#+#.#.......@#
#.....#.###.####
###.#######.#
#.........#
###########


You could see an ogre.

Vanquished Creatures
  3 orc wizards
  An orc priest (D:4)
  8 adders
  6 gnolls
  An ooze (D:2)
  2 worms
  5 giant geckos
  4 orcs
  A giant cockroach (D:1)
  5 hobgoblins
  10 kobolds
  2 quokkas
  6 bats
  A giant newt (D:2)
  6 goblins
  4 rats
65 creatures vanquished.

Notes
Turn   | Place    | Note
--------------------------------------------------------------
     0 | D:1      | kaze the Minotaur Fighter began the quest for the Orb.
     0 | D:1      | Reached XP level 1. HP: 19/19 MP: 0/0
   146 | D:1      | Reached skill level 4 in Armour
   177 | D:1      | Reached XP level 2. HP: 24/26 MP: 1/1
   650 | D:2      | Reached XP level 3. HP: 25/33 MP: 2/2
   817 | D:2      | Reached XP level 4. HP: 36/40 MP: 3/3
   915 | D:2      | Reached skill level 1 in Dodging
  1322 | D:3      | Reached skill level 5 in Armour
  1381 | D:3      | Reached XP level 5. HP: 40/46 MP: 4/4
  1750 | D:3      | Reached skill level 5 in Shields
  1923 | D:4      | Reached XP level 6. HP: 50/53 MP: 5/5
  1976 | D:4      | Noticed an ogre
  1982 | D:4      | Mangled by an ogre

Action                   |  1- 3 |  4- 6 || total
-------------------------+-------+-------++-------
Melee: War axe           |    64 |    28 ||    92
       Falchion          |       |    74 ||    74
  Eat: Bread ration      |       |     2 ||     2
